 Dungeon Crawl Stone Soup version 0.30-a0-743-gbfdf073431 (webtiles) character file.

Game seed: 13449876696305530103

56 Dittersdorf the Covered (level 3, -4/24 HPs)
             Began as a Gargoyle Fighter on Feb 7, 2023.
             Slain by Sigmund
             ... wielding a +1 scythe of venom
              (7 damage)
             ... on level 2 of the Dungeon.
             The game lasted 00:01:15 (716 turns).

Dittersdorf the Covered (Gargoyle Fighter)           Turns: 716, Time: 00:01:15

Health: -4/24      AC: 11    Str: 21    XL:     3   Next: 97%
Magic:  3/3        EV:  9    Int:  8    God:
Gold:   123        SH:  4    Dex:  9    Spells: 2/2 levels left

rFire   . . .      SeeInvis .    a - +0 flail
rCold   . . .      Faith    .    c - +0 buckler
rNeg    + . .      Spirit   .    b - +0 scale mail
rPois   ∞          Reflect  .    g - +0 helmet
rElec   +          Harm     .    (no cloak)
rCorr   .          Rampage  .    (no gloves)
Will    .....                    (no boots) Stlth
                                 (no amulet)
HPRegen 0.24/turn                (no ring)
MPRegen 0.08/turn                (no ring)

@: no status effects
A: sickness immunity, AC +3, negative energy resistance 1, electricity
resistance, torment resistance 1, petrification resistance
a: no special abilities


You were on level 2 of the Dungeon.
You visited 1 branch of the dungeon, and saw 2 of its levels.

You collected 123 gold pieces.

Inventory:

Hand Weapons
 a - a +0 flail (weapon)
Missiles
 f - 7 poisoned darts (quivered)
Armour
 b - a +0 scale mail (worn)
 c - a +0 buckler (worn)
 g - a +0 helmet (worn)
 k - a +0 plate armour
Scrolls
 h - a scroll of poison {unknown}
 j - 3 scrolls of identify {unknown}
 l - a scroll of teleportation {unknown}
Potions
 d - a potion of might
 e - 2 potions of curing {unknown}
 i - 3 potions of flight {unknown}


   Skills:
 + Level 3.8 Fighting
 + Level 2.6 Maces & Flails
 + Level 3.9 Armour
 + Level 3.8 Shields


You had 2 spell levels left.
You didn't know any spells.
Your spell library was empty.

Dungeon Overview and Level Annotations

Branches:
Dungeon (2/15)

Altars:

Annotations:
D:2 Sigmund


Innate Abilities, Weirdness & Mutations

You are immune to sickness and miasma.
Your stone body is resilient. (AC +3)
You are immune to poison.
You resist negative energy. (rN+)
You are resistant to electric shocks. (rElec)
You are resistant to unholy torment.
You are immune to petrification.


Message History

Sigmund points at you and mumbles some strange words.
You are more confused.
Non-targeted confused throw: 7 darts (poison)
Press: ? - help, Q - select action Dir - look around, f - activate You throw a poisoned dart.
Sigmund hits you from afar with a +1 scythe of venom.
You see here a poisoned dart.
Sigmund gestures at you while chanting.
You are more confused.
You bump into the rock wall.
Sigmund looks more healthy.
Sigmund gestures at you while chanting. You resist with significant effort.
Sigmund says, "Look into my eyes."
Sigmund hits you from afar with a +1 scythe of venom.
You see here a poisoned dart.
f - 7 poisoned darts (gained 1) Sigmund hits you from afar with a +1 scythe of venom.
You bump into the rock wall.
Sigmund hits you from afar with a +1 scythe of venom.
You bump into the rock wall.
Sigmund mumbles some strange words.
Sigmund flickers and vanishes!
Deactivating autopickup; reactivate with Ctrl-A.
Something hits you. Something hits you but does no damage.
You see here a poisoned dart.
You're too confused to move!
Something hits you but does no damage.
You thump something! Something hits you. Something hits you but does no damage.
Something hits you but does no damage.
You're too confused to move!
Something hits you!
* * * LOW HITPOINT WARNING * * *
You closely miss something. Something hits you but does no damage.
Something hits you but does no damage.
Found 6 gold pieces.
Something completely misses you. Something hits you but does no damage.
You barely miss something.
You feel less confused. Something hits you!
You die...

...)..........# #.##...###.......
.............## ..####.##..##....
#.....#<..^........###..#.###....
..##############.#........# #....
.. .##.......# #####
##$##.....>.#### #..##..........#
...###.###.......##.###
#.(...@.##########...##
##(....{(............#.
###############.....). #........
#........ #........ ##.......
##...##. #######


There were no monsters in sight!

Vanquished Creatures
  2 adders (D:2)
  A dart slug (D:2)
  2 endoplasms (D:1)
  A giant cockroach (D:1)
  5 goblins
  5 hobgoblins (D:1)
  3 kobolds
  2 quokkas (D:1)
  2 ball pythons
  2 bats (D:1)
  3 frilled lizards
  7 rats
35 creatures vanquished.

Notes
Turn   | Place    | Note
-------+----------+-------------------------------------------
     0 | D:1      | Dittersdorf the Gargoyle Fighter began the quest for the
                  | Orb.
     0 | D:1      | Reached XP level 1. HP: 14/14 MP: 1/1
    50 | D:1      | Found a faded altar of an unknown god.
    69 | D:1      | Reached XP level 2. HP: 18/19 MP: 2/2
   233 | D:1      | Reached XP level 3. HP: 17/24 MP: 3/3
   694 | D:2      | Noticed Sigmund
   716 | D:2      | Slain by Sigmund

Illustrated notes

Levels and vault maps discovered:
D:1:      pf_arrival_petrified_forest, layout_rooms,
          shapermc_ecumenical_altar_acropolis, minmay_crystal_room
D:2:      layout_rooms, uniq_sigmund

Action                     || total
---------------------------++-------
  Melee: Flail             ||   101
  Throw: Dart              ||     5
 Armour: Scale mail        ||    70
  Dodge: Dodged            ||    42
  Block: Buckler           ||    23

Table legend: (Time is in decaauts)
 A = Elapsed time spent in this place.
 B = Non-inter-level travel time spent in this place.
 C = Inter-level travel time spent in this place.
 D = Time resting spent in this place.
 E = Time spent auto-exploring this place.
 F = Levels seen in this place.
 G = Mean time per level.
                   A        B        C        D        E       F      G
               +--------+--------+--------+--------+--------+-----+--------+
         Total |    747 |    737 |     10 |      0 |    469 |   2 |  373.5 |
       Dungeon |    747 |    737 |     10 |      0 |    469 |   2 |  373.5 |
               +--------+--------+--------+--------+--------+-----+--------+

Top non-repeatable levels by time:
     D:1: 454 daAuts
     D:2: 293 daAuts
